Match 27662149
Unlisted

Match 27662149
End
Pioneer Squad
Construct Infanterie Kompanie
Selects Mechanized Battlegroup
MG 42 Machine Gun Team
GrW 34 Mortar Team
MG 42 Machine Gun Team
Construct Luftwaffe Kompanie
Jäger Squad
Construct Panzergrenadier Kompanie
251 Medium Carrier
Selects Raid Package
Jäger Squad
Selects StuG Assault Group
StuG Assault Group
Panzergrenadier Officer Quarters
Pak 40 Anti-tank Gun Team
Luftwaffe Officer Quarters
Selects Mobile Repair Stations
Jäger Squad
Flak 30 Anti-aircraft Gun Team
Selects Wespe Self-propelled Artillery
Wespe Self-propelled Artillery
251 Medium Carrier
Wespe Self-propelled Artillery
Pak 40 Anti-tank Gun Team
Selects Zeroing Artillery Barrage
Zeroing Artillery Barrage
Jäger Squad
Zeroing Artillery Barrage
Big Cat
Anthrous
Insurmountable Odds
TheKarp
nakdbananas
starchy
0
0

Comments sign in to comment!

No comments posted yet!